 Dungeon Crawl Stone Soup version 0.18-a0-1225-g5d63bca (webtiles) character file.

147 Duffy the Ruffian (level 5, -2/45 HPs)
             Began as a Draconian Monk on Feb 3, 2016.
             Slain by an ogre
             ... wielding a cursed +0 giant spiked club
              (18 damage)
             ... on level 4 of the Dungeon.
             The game lasted 00:02:02 (2337 turns).

Duffy the Ruffian (Draconian Monk)                  Turns: 2337, Time: 00:02:02

Health: -2/45      AC:  6    Str: 15    XL:     5   Next: 8%
Magic:  5/5        EV: 13    Int: 10    God:
Gold:   151        SH:  0    Dex: 15    Spells: 0 memorised, 4 levels left

rFire  . . .     SeeInvis .       - Unarmed
rCold  . . .     Gourm    .     (armour unavailable)
rNeg   . . .     Faith    .     (no shield)
rPois  .         Spirit   .     (helmet restricted)
rElec  .         Dismiss  .     (no cloak)
rCorr  .         Reflect  .     e - +0 pair of gloves
SustAt .         Harm     .     (no boots)
MR     .....                    (no amulet)
Stlth  ++........               (no ring)
                                l - +2 ring of dexterity

@: not resistant to hostile enchantments, unstealthy
A: unfitting armour, cold-blooded, AC +5
a: no special abilities


You were on level 4 of the Dungeon.
You were hungry.

You visited 1 branch of the dungeon, and saw 4 of its levels.

You collected 151 gold pieces.


Innate Abilities, Weirdness & Mutations

Your plain brown scales are hard (AC +5).
Your body does not fit into most forms of armour.
You are cold-blooded and may be slowed by cold attacks.


   Skills:
 - Level 3.2 Fighting
 - Level 2.6 Dodging
 - Level 2.0 Stealth
 + Level 6.3 Unarmed Combat


You had 4 spell levels left.
You didn't know any spells.

Inventory:

Armour
 e - a +0 pair of gloves (worn)
Jewellery
 l - a +2 ring of dexterity (left hand)
Scrolls
 b - 2 scrolls of immolation {unknown}
 c - a scroll of teleportation {unknown}
 d - 2 scrolls of magic mapping
 g - 2 scrolls of remove curse
 i - a scroll of identify {unknown}
 j - a scroll of blinking {unknown}
 k - 2 scrolls of fog {unknown}
 p - a scroll of enchant armour {unknown}
 r - a scroll of recharging {unknown}
 t - a scroll of enchant weapon {unknown}
Potions
 h - a potion of might {unknown}
 m - 2 potions of lignification {unknown}
 n - a potion of agility {unknown}
 o - a potion of flight {unknown}
 q - a potion of heal wounds {unknown}
Comestibles
 a - 5 bread rations
 f - a slice of pizza
 s - 5 fruits
 v - a meat ration

Dungeon Overview and Level Annotations

Branches:
Dungeon (4/15)
 Temple: D:4-7

Altars:
Qazlal


Message History

You hit the ogre.
The ogre is moderately wounded.
You closely miss the ogre.
The ogre is moderately wounded.
The ogre closely misses you.
You barely miss the ogre.
The ogre is moderately wounded.
The ogre hits you with a giant spiked club!!
Ouch! That really hurt!
You are too injured to fight recklessly!
You are too injured to fight recklessly!
You are too injured to fight recklessly!
You are too injured to fight recklessly!
You are too injured to fight recklessly!
You are too injured to fight recklessly!
You are too injured to fight recklessly!
You are too injured to fight recklessly!
You are too injured to fight recklessly!
You are too injured to fight recklessly!
You are too injured to fight recklessly!
You are too injured to fight recklessly!
You are too injured to fight recklessly!
You are too injured to fight recklessly!
You are too injured to fight recklessly!
You are too injured to fight recklessly!
You hit the ogre. You tail-slap the ogre.
The ogre is heavily wounded.
You hit the ogre.
You tail-slap the ogre, but do no damage.
The ogre is severely wounded.
The ogre barely misses you.
You completely miss the ogre.
The ogre is severely wounded.
The ogre hits you with a giant spiked club!!
You die...

#.##.## #.... ...
... #..# #.#
#.###..#
#.##.##$.....##.#
#.##.[($........#
####.#########.#####
#.......# #.#
#.#####.# #O# ###.#
#.# #@# ....# #.#
###.# .##.# #.#
#...# %##.#####.#
#.#######
<##.......#
#.......#
.......#.##
#######.# .#######.#
#.# .# #.# #.# .#
#.####### #.#


You could see an ogre.

Action                   |  1- 3 |  4- 6 || total
-------------------------+-------+-------++-------
Melee: Unarmed           |   120 |    46 ||   166
  Use: Scroll            |       |     2 ||     2
 Stab: Sleeping          |     9 |     1 ||    10
  Eat: Chunk             |     2 |     2 ||     4

Notes
Turn   | Place    | Note
--------------------------------------------------------------
     0 | D:1      | Duffy the Draconian Monk began the quest for the Orb.
     0 | D:1      | Reached XP level 1. HP: 19/19 MP: 1/1
    59 | D:1      | Reached skill level 2 in Stealth
   333 | D:1      | Reached XP level 2. HP: 26/26 MP: 2/2
   715 | D:1      | Reached XP level 3. HP: 17/31 MP: 3/3
  1059 | D:2      | Reached skill level 5 in Unarmed Combat
  1152 | D:2      | Found a stormy altar of Qazlal.
  1673 | D:2      | Reached XP level 4. HP: 38/38 MP: 4/4
  1788 | D:3      | Noticed Jessica
  1798 | D:3      | Killed Jessica
  1832 | D:3      | Reached skill level 6 in Unarmed Combat
  1847 | D:3      | Noticed an orc warrior
  2049 | D:4      | Reached XP level 5. HP: 21/45 MP: 5/5
  2323 | D:4      | Noticed an ogre
  2337 | D:4      | Slain by an ogre

Vault maps used:
D:1:      lemuel_arrival_funnel, hangedman_decor_clover_reticule
D:2:      nicolae_qazlal_eye_of_the_storm
D:3:      uniq_jessica
D:4:      first_bread, grunt_ministairs_1

Vanquished Creatures
  Jessica
  A worker ant
  4 adders
  A worm
  A giant gecko
  2 orcs
  7 goblins
  9 hobgoblins
  4 jackals
  2 ball pythons
  8 bats
  4 giant newts
  9 kobolds
  6 rats
59 creatures vanquished.
